Map: Acropolis LE

Players

Caerwyn - Winner!

  • Race: Terran Terran
  • Spawn Location: 5:00

BoO

  • Race: Zerg Zerg
  • Spawn Location: 11:00

VOD

Have the link to the VOD?

Description

Time

  • Played on: Sept. 6, 2019, 2:40 p.m.
  • Length: 12:16
Show
View Real Time Build Order
Export as new Build Order

Caerwyn Terran - Winner!

Build Orders: Reaper Expand, Hellion Banshee 

Get SALT Encoding   

  12  0:00  SCV  
  13  0:12  SCV  
  14  0:16  Supply Depot  
  14  0:25  SCV  
  15  0:38  SCV  
  15  0:39  Barracks  
  16  0:43  Refinery  
  16  0:50  SCV  
  17  1:02  SCV  
  18  1:14  SCV  
  19  1:26  Reaper  
  19  1:28  Orbital Command  
  20  1:42  Command Center  
  20  1:54  SCV, Supply Depot  
  20  1:58  Marine  
  22  2:08  Factory  
  22  2:10  SCV  
  22  2:15  Refinery  
  23  2:21  Barracks Reactor  
  23  2:24  SCV  
  24  2:36  SCV  
  25  2:48  SCV  
  26  2:55  Orbital Command  
  26  2:56  Starport  
  26  3:03  SCV  
  31  3:05  Hellion  
  31  3:06  Hellion, Barracks Tech Lab  
  31  3:15  SCV  
  32  3:20  SCV  
  32  3:21  Supply Depot  
  37  3:27  Hellion x2  
  37  3:28  SCV  
  38  3:39  Cloaking Field, Banshee  
  41  3:50  SCV x2, Hellion x2  
  47  3:57  Armory  
  48  4:02  SCV  
  48  4:04  Supply Depot  
  48  4:05  SCV  
  49  4:11  Hellion x2  
  49  4:14  SCV  
  54  4:25  SCV, Banshee  
  54  4:28  SCV  
  59  4:37  SCV  
  60  4:42  Command Center  
  60  4:44  SCV  
  61  4:46  Supply Depot  
  61  4:49  SCV  
  61  4:50  Supply Depot  
  61  5:08  Hellion x2  
  61  5:11  SCV x2  
  67  5:14  Refinery  
  67  5:15  Terran Vehicle And Ship Armor Level 1, Barracks Tech Lab  
  67  5:16  Refinery  
  67  5:19  Factory  
  67  5:20  Factory  
  61  5:25  SCV  
  58  5:35  Hellion x2, Banshee  
  56  5:41  SCV x2  
  61  5:46  Barracks Tech Lab  
  61  5:47  Supply Depot  
  61  5:53  SCV x2  
  61  5:56  Engineering Bay  
  63  5:58  Orbital Command  
  63  6:05  SCV x2  
  63  6:09  Hellion x2  
  69  6:13  Cyclone  
  69  6:14  Mag-Field Accelerator, Cyclone  
  69  6:17  SCV x2  
  77  6:20  Infernal Pre-Igniter  
  78  6:29  SCV x2  
  78  6:31  Orbital Command  
  78  6:32  Hellion x2  
  83  6:41  SCV x2  
  83  6:46  Refinery x2  
  85  6:50  Cyclone x2  
  85  6:53  SCV  
  85  6:54  SCV, Hellion  
  93  6:56  SCV  
  96  7:06  SCV x2  
  96  7:08  SCV, Hellion  
  101  7:11  Supply Depot  
  101  7:15  Terran Vehicle And Ship Armor Level 2  
  101  7:19  SCV, Banshee  
  101  7:21  SCV x2  
  107  7:23  Supply Depot  
  107  7:31  SCV  
  107  7:33  Cyclone  
  111  7:47  Cyclone  
  111  7:48  Hellion x2  
  114  8:05  Cyclone  
  110  8:09  Hellion  
  109  8:13  SCV  
  109  8:14  SCV x2  
  109  8:17  Command Center  
  109  8:19  Cyclone  
  115  8:20  Factory  
  115  8:21  Factory  
  115  8:25  SCV  
  115  8:26  Banshee  
  115  8:27  Hellion  
  121  8:29  SCV x2  
  123  8:35  Hellion  
  125  8:42  Armory  
  125  8:43  Supply Depot  
  125  8:44  Cyclone, SCV x3, Supply Depot  
  125  8:45  Supply Depot  
  125  8:47  Starport  
  131  8:52  Hellion  
  131  8:55  Supply Depot  
  133  9:04  SCV x2  
  133  9:05  Cyclone  
  134  9:16  Cyclone  
  126  9:25  Factory Tech Lab x2, Hellion  
  126  9:26  Hellion  
  127  9:37  Cyclone  
  127  9:44  Cyclone  
  127  9:45  Banshee, Hellion  
  132  9:46  Starport Reactor  
  132  9:47  SCV x2, Hellion x2  
  132  9:48  Terran Ship Weapons Level 1, Cyclone  
  141  10:01  Supply Depot  
  141  10:02  Supply Depot  
  141  10:03  Supply Depot  
  141  10:06  Cyclone  
  144  10:08  Liberator x2, Refinery  
  144  10:09  Cyclone  
  144  10:12  Refinery  
  147  10:16  Cyclone  
  147  10:20  Cyclone  
  140  10:22  Liberator  
  140  10:25  Hellion x2  
  147  10:34  Planetary Fortress  
  147  10:38  Hellion  
  147  10:41  Cyclone  
  155  10:43  SCV x2, Fusion Core  
  155  10:44  SCV  
  156  10:51  Cyclone, Hellion x2  
  156  10:52  Hellion  
  165  11:04  Cyclone  
  168  11:13  Cyclone x2  
  168  11:14  Liberator x3  
  174  11:25  Cyclone  
  172  11:26  Hellion x2  
  180  11:36  Cyclone  
  180  11:38  SCV x3  
  180  11:42  Command Center  
Show
View Real Time Build Order
Export as new Build Order

BoO Zerg 

Build Orders: Hatch First, Swarm Host 

Get SALT Encoding   

  12  0:00  Drone  
  13  0:14  Overlord  
  13  0:17  Drone  
  14  0:34  Drone x2  
  16  0:39  Drone  
  17  0:53  Hatchery  
  16  0:57  Drone  
  16  1:00  Drone  
  18  1:04  Extractor  
  17  1:16  Spawning Pool  
  16  1:20  Drone  
  16  1:22  Drone  
  18  1:32  Drone  
  19  1:52  Overlord  
  19  2:03  Queen  
  19  2:04  Zergling x2  
  19  2:05  Zergling x2  
  19  2:06  Queen  
  25  2:09  Metabolic Boost  
  25  2:14  Drone  
  26  2:26  Drone x3  
  29  2:35  Drone  
  29  2:36  Drone  
  30  2:45  Queen x2  
  30  2:47  Drone  
  35  3:00  Overlord  
  35  3:01  Overlord  
  35  3:10  Hatchery  
  34  3:16  Drone  
  35  3:21  Drone x4  
  39  3:30  Drone x3  
  42  3:36  Drone x2  
  44  3:46  Spore Crawler  
  43  3:51  Queen  
  43  3:52  Queen  
  48  3:56  Drone x3  
  48  4:00  Spore Crawler  
  48  4:01  Spore Crawler  
  49  4:03  Overlord  
  49  4:06  Overlord x2  
  49  4:22  Roach Warren, Zergling x10  
  53  4:30  Lair  
  53  4:34  Queen  
  53  4:35  Drone x3  
  58  4:46  Spore Crawler, Drone x4  
  58  4:48  Spore Crawler  
  58  4:49  Extractor  
  56  4:57  Zergling x8  
  56  4:58  Zergling x4  
  50  5:23  Roach x3  
  50  5:36  Extractor  
  48  5:45  Drone x2  
  48  5:46  Drone x7  
  48  5:47  Drone x4  
  61  5:57  Zergling x4  
  61  5:59  Zergling x2, Extractor  
  63  6:06  Queen x3  
  63  6:10  Drone x2  
  63  6:11  Drone  
  72  6:23  Drone  
  72  6:24  Overlord x2  
  73  6:26  Overlord x2  
  73  6:33  Glial Reconstitution  
  73  6:35  Overseer, Evolution Chamber  
  73  6:36  Evolution Chamber  
  73  6:38  Roach  
  73  6:39  Overlord  
  73  6:40  Overlord  
  73  6:48  Drone x6  
  73  6:49  Drone x2  
  73  6:52  Extractor  
  80  6:57  Extractor  
  80  6:59  Roach x6  
  90  7:02  Zerg Ground Armor Level 1, Zerg Missile Weapons Level 1  
  90  7:05  Drone x2  
  92  7:19  Roach  
  92  7:20  Roach x3  
  92  7:21  Drone, Hatchery  
  100  7:26  Drone x4  
  104  7:35  Zergling x2  
  105  7:37  Overlord  
  105  7:43  Overseer  
  101  7:47  Queen x3  
  94  8:08  Hydralisk Den  
  89  8:13  Zergling x20  
  89  8:14  Zergling x18  
  108  8:23  Roach x2  
  108  8:25  Overlord x3  
  112  8:37  Infestation Pit, Drone x4  
  112  8:40  Muscular Augments  
  115  8:44  Baneling Nest  
  115  8:45  Roach x3  
  120  8:49  Overlord x2  
  120  8:51  Drone  
  114  8:57  Roach x3  
  117  9:06  Roach x4  
  117  9:07  Roach  
  115  9:15  Swarm Host  
  115  9:16  Roach x4  
  113  9:17  Roach  
  113  9:23  Zergling x10  
  112  9:31  Roach x4  
  106  9:32  Roach  
  106  9:34  Hydralisk  
  102  9:42  Queen x2  
  102  9:43  Hydralisk  
  100  9:47  Roach x2  
  100  9:50  Swarm Host  
  100  9:51  Grooved Spines, Drone  
  108  10:00  Swarm Host  
  108  10:01  Roach x3  
  108  10:02  Roach  
  108  10:05  Swarm Host, Hydralisk  
  119  10:22  Hydralisk x3  
  119  10:23  Hydralisk x4  
  128  10:40  Burrow  
  128  10:42  Hydralisk  
  128  10:43  Hydralisk x2  
  128  10:46  Hatchery  
  128  10:48  Swarm Host  
  136  11:08  Queen  
  136  11:11  Zergling x2  
  139  11:22  Hydralisk  
  139  11:23  Hydralisk x7  
  145  11:31  Ravager  
  142  11:37  Overseer x2  
  142  11:38  Overseer  
  142  11:40  Hydralisk x2  
  132  12:08  Hatchery  
Tags
 
Add a new tag
Caveats
  • Supply blocks, unpowered buildings, or Contaminate may cause inaccurate times.
  • Supply counts are checked every 10 seconds.